 Dungeon Crawl Stone Soup version 0.19-a0-854-gc78d25d (webtiles) character file.

137 Implojin the Chopper (level 5, -3/45 HPs)
             Began as a Minotaur Fighter on July 1, 2016.
             Was an Initiate of Okawaru.
             Slain by an ice beast (14 damage)
             ... on level 5 of the Dungeon.
             The game lasted 00:03:24 (627 turns).

Implojin the Chopper (Minotaur Fighter)              Turns: 627, Time: 00:03:24

Health: -3/45      AC:  5    Str: 20    XL:     5   Next: 0%
Magic:  4/4        EV:  8    Int:  5    God:    Okawaru [......]
Gold:   23         SH:  9    Dex: 11    Spells: 0 memorised, 4 levels left

rFire  . . .     SeeInvis .     a - +0 war axe
rCold  . . .     Gourm    .     k - +0 ring mail
rNeg   . . .     Faith    .     c - +0 shield
rPois  .         Spirit   .     (helmet restricted)
rElec  .         Dismiss  .     (no cloak)
rCorr  .         Reflect  .     (no gloves)
SustAt .         Harm     .     (no boots)
MR     .....                    (no amulet)
Stlth  +.........               (no ring)
                                (no ring)

@: not resistant to hostile enchantments, very unstealthy
A: retaliatory headbutt, horns 2
a: Renounce Religion


You were on level 5 of the Dungeon.
You worshipped Okawaru.
Okawaru was noncommittal.
You were not hungry.

You visited 2 branches of the dungeon, and saw 6 of its levels.

You collected 23 gold pieces.

Inventory:

Hand Weapons
 a - a +0 war axe (weapon)
 p - a +0 vampiric hand axe
Missiles
 h - 4 javelins (quivered)
Armour
 b - a +0 scale mail
 c - a +0 shield (worn)
 k - a +0 ring mail (worn)
Wands
 d - a wand of digging (23/24)
Scrolls
 o - a scroll of fear {unknown}
Potions
 e - a potion of cancellation {unknown}
 l - a potion of heal wounds {unknown}
 m - a potion of resistance {unknown}
Comestibles
 f - a bread ration
 g - a chunk of flesh
 j - a meat ration
 n - a royal jelly


   Skills:
 - Level 3.6 Fighting
 * Level 6.3 Axes
 - Level 3.6 Armour
 - Level 3.6 Shields


You had 4 spell levels left.
You didn't know any spells.

Dungeon Overview and Level Annotations

Branches:
Dungeon (5/15)             Temple (1/1) D:4

Altars:
Kikubaaqudgha
Okawaru
Trog
Uskayaw
Zin


Innate Abilities, Weirdness & Mutations

You reflexively headbutt those who attack you in melee.
You have a pair of horns on your head.


Message History

Unknown command.
Unknown command.
m - a smoky white potion You open the door.
There is an open door here.
You feel a little less mighty now.
You open the door.
There is an open door here.
You open the door.
An ice beast comes into view.
You hit the ice beast but do no damage. You block the ice beast's attack.
You closely miss the ice beast.
The ice beast hits you but does no damage.
You hit the ice beast.
You headbutt the ice beast, but do no damage.
The ice beast is lightly wounded.
You block the ice beast's attack.
You hit the ice beast.
The ice beast is moderately wounded.
The ice beast hits you but does no damage.
You hit the ice beast but do no damage.
The ice beast is moderately wounded.
The ice beast hits you.
* * * LOW HITPOINT WARNING * * *
The ice beast freezes you!
* * * LOW HITPOINT WARNING * * *
You block the ice beast's attack.
Unknown command.
Found a scroll labeled KUINEAWNAM.
Okay, then.
Okay, then.
You hear the slow hiss of a distant avalanche of sand.
There is an open door here.
An ice beast comes into view.
As you read the scroll labeled KYM SUIZXASI, it crumbles to dust.
You experience a momentary feeling of inescapable doom!
It was a scroll of random uselessness.
The ice beast hits you.
* * * LOW HITPOINT WARNING * * *
The ice beast freezes you!
You die...

.......# ......#
......### #Y......#
+.......# #.......#
#.......# .....
#.@.....#. #.....
#.Y.....#.. #.....
#....<..#.. #.....
##.%.....#.# #...#
#.....####.####...##
#.....#.............
#.....#.............
#.....#.............
#.....#.............


You could see 2 ice beasts.

Vanquished Creatures
  An orc priest (D:3)
  Terence (D:3)
  A killer bee zombie (D:4)
  2 adders
  2 dart slugs
  3 giant geckos
  8 orcs
  3 bats
  A giant cockroach (D:4)
  2 goblins
  A hobgoblin (D:3)
  8 giant newts (D:2)
  3 kobolds
  A quokka skeleton (D:4)
37 creatures vanquished.

Notes
Turn   | Place    | Note
-------+----------+-------------------------------------------
     0 | D:1      | Implojin the Minotaur Fighter began the quest for the Orb.
     0 | D:1      | Reached XP level 1. HP: 19/19 MP: 0/0
    67 | D:2      | Reached skill level 3 in Axes
    71 | D:2      | Reached XP level 2. HP: 21/26 MP: 1/1
   199 | D:3      | Reached skill level 4 in Axes
   199 | D:3      | Reached XP level 3. HP: 23/31 MP: 2/2
   232 | D:3      | Noticed Terence
   241 | D:3      | Killed Terence
   241 | D:3      | Reached skill level 5 in Axes
   241 | D:3      | Reached XP level 4. HP: 11/39 MP: 3/3
   270 | D:3      | Found an ancient bone altar of Kikubaaqudgha.
   444 | D:4      | Found a staircase to the Ecumenical Temple.
   451 | Temple   | Entered the Ecumenical Temple
   463 | Temple   | Became a worshipper of Warmaster Okawaru
   524 | D:4      | Reached skill level 6 in Axes
   537 | D:4      | Reached XP level 5. HP: 13/45 MP: 4/4
   556 | D:5      | Entered Level 5 of the Dungeon
   592 | D:5      | Noticed an ice beast
   625 | D:5      | Noticed an ice beast
   627 | D:5      | Slain by an ice beast

Vault maps used:
D:1:      lemuel_arrival_behind_the_door_small, minmay_misc_feat_more_columns,
          grunt_decor_clamped
D:2:      minmay_lizard_king, uniq_crazy_yiuf_cottage
D:3:      kiku_gazebo_pond_becter, first_bread, uniq_terence
D:4:      uniq_robin
D:5:      fedhas_altar_3, nicolae_ossuary_entry_giza, uniq_pikel
Temple:   eino_temple_scatter_basement

Skill      XL: |  1  2  3  4 |
---------------+-------------+-----
Axes           | 3 4 5 6 |  6.3
Fighting       | |  3.6
Armour         | |  3.6
Shields        | |  3.6

Action                   |  1- 3 |  4- 6 || total
-------------------------+-------+-------++-------
Melee: War axe           |    26 |    41 ||    67
       Headbutt          |     6 |     6 ||    12
  Use: Potion            |     1 |     1 ||     2
       Scroll            |       |     5 ||     5
Armor: Scale mail        |    12 |       ||    12
       Ring mail         |     1 |    23 ||    24
Dodge: Dodged            |     6 |    18 ||    24
Block: Shield            |    11 |    20 ||    31

Table legend:
 A = Turns spent in this place as a percentage of turns spent in the entire game.
 B = Non-inter-level travel turns spent in this place as a percentage of non-inter-level travel turns spent in the entire game.
 C = Inter-level travel turns spent in this place as a percentage of turns spent in this place.
 D = Turns resting spent in this place as a percentage of non-inter-level travel turns spent in this place.
 E = Turns spent auto-exploring this place as a percentage of non-inter-level travel turns spent in this place.
 F = Non-inter-level travel turns spent in this place divided by the number of levels of this place that you've seen.
                   A       B       C       D       E      F
               +-------+-------+-------+-------+-------+----------------------
         Total | 100.0 | 100.0 |   0.0 |   0.0 |   0.0 | 106.0
       Dungeon |  95.1 |  95.1 |   0.0 |   0.0 |   0.0 | 121.0
        Temple |   4.9 |   4.9 |   0.0 |   0.0 |   0.0 |  31.0
               +-------+-------+-------+-------+-------+----------------------

Table legend:
 A = Kills in this place as a percentage of kills in entire the game.
 B = Kills by you in this place as a percentage of kills by you in the entire game.
 C = Kills by friends in this place as a percentage of kills by friends in the entire game.
 D = Other kills in this place as a percentage of other kills in the entire game.
 E = Experience gained in this place as a percentage of experience gained in the entire game.
 F = Experience gained in this place divided by the number of levels of this place that you have seen.
                   A       B       C       D       E      F
               +-------+-------+-------+-------+-------+----------------------
         Total | 100.0 | 100.0 |  -nan |  -nan | 100.0 |  32.8
       Dungeon |  97.3 |  97.3 |  -nan |  -nan |  98.5 |  38.8
        Temple |   2.7 |   2.7 |  -nan |  -nan |   1.5 |   3.0
               +-------+-------+-------+-------+-------+----------------------
